 Dungeon Crawl Stone Soup version 0.22.1-2-g9c5b331 (webtiles) character file.

72 Fang the Skirmisher (level 4, 0/29 HPs)
             Began as a Gargoyle Berserker on Dec 14, 2018.
             Was a Believer of Trog.
             Killed from afar by an orc wizard (14 damage)
             ... with a puff of frost
             ... on level 2 of the Dungeon.
             The game lasted 00:00:50 (873 turns).

Fang the Skirmisher (Gargoyle Berserker)             Turns: 873, Time: 00:00:51

Health: 0/29       AC:  5    Str: 22    XL:     4   Next: 26%
Magic:  4/4        EV: 12    Int:  7    God:    Trog [**....]
Gold:   44         SH:  0    Dex:  9    Spells: 3/3 levels left

rFire    . . .     SeeInvis .   a - +0 hand axe
rCold    . . .     Gourm    .   (no shield)
rNeg     + . .     Faith    .   b - +0 animal skin
rPois    ∞         Spirit   .   (no helmet)
rElec    +         Reflect  .   (no cloak)
rCorr    .         Harm     .   (no gloves)
MR       .....                  (no boots)
Stlth    +.........             (no amulet)
HPRegen  0.09/turn              (no ring)
MPRegen  0.09/turn              (no ring)

@: no status effects
A: negative energy resistance 1, electricity resistance, unbreathing,
petrification resistance, rot immunity, AC +3
a: Berserk, Trog's Hand, Renounce Religion


You were on level 2 of the Dungeon.
You worshipped Trog.
Trog was pleased with you.
You were not hungry.

You visited 1 branch of the dungeon, and saw 2 of its levels.

You collected 44 gold pieces.

Inventory:

Hand Weapons
 a - a +0 hand axe (weapon)
Armour
 b - a +0 animal skin (worn)
Scrolls
 d - 3 scrolls of fog {unknown}
 e - a scroll of random uselessness {unknown}
 h - 2 scrolls of identify {unknown}
 k - a scroll of amnesia {unknown}
 l - 2 scrolls of remove curse {unknown}
Potions
 f - a potion of curing {unknown}
 g - a potion of degeneration {unknown}
 i - a potion of lignification {unknown}
 j - a potion of berserk rage {unknown}
Comestibles
 c - 6 rations


   Skills:
 + Level 3.9 Fighting
 + Level 3.5 Axes
 + Level 2.4 Armour
 + Level 2.2 Dodging


You had 3 spell levels left.
You didn't know any spells.
Your spell library was empty.

Dungeon Overview and Level Annotations

Branches:
Dungeon (2/15)

Altars:


Innate Abilities, Weirdness & Mutations

You are resistant to torment.
Your stone body is resilient. (AC +3)
You are immune to poison.
You resist negative energy. (rN+)
You are resistant to electric shocks. (rElec)
You can survive without breathing.
You are immune to petrification.
You are immune to rotting.


Message History

You hit the orc.
The orc is almost dead.
You closely miss the orc wizard. The orc barely misses you.
The orc wizard gestures wildly while chanting.
The orc wizard seems to speed up.
You slash the orc!
You kill the orc!
Trog accepts your kill.
You miss the orc wizard. The orc wizard hits you with a dagger.
The orc wizard misses you.
You are too injured to fight recklessly!
You are too injured to fight recklessly!
You are too injured to fight recklessly!
You are too injured to fight recklessly!
You are too injured to fight recklessly!
You are too injured to fight recklessly!
Unknown command.
The orc wizard points at you and mumbles some strange words.
The puff of frost hits you!
You die...

. #.... .##...
...%. #...# #...#
#...
##.####.##########
..........@.......
##.####.#.o......#
#.....†+.....?..+
######.#........#
#.#........#
#.#........#
#.#........#
#.########## #.#


You could see an orc wizard.

Vanquished Creatures
  A hound (D:2)
  An adder (D:2)
  A worm (D:2)
  A dart slug (D:1)
  A leopard gecko (D:1)
  2 orcs (D:2)
  2 giant cockroaches (D:1)
  2 goblins (D:1)
  A hobgoblin (D:1)
  A quokka (D:2)
  2 bats (D:1)
  2 frilled lizards (D:1)
  5 kobolds
  4 rats (D:1)
26 creatures vanquished.

Notes
Turn   | Place    | Note
-------+----------+-------------------------------------------
     0 | D:1      | Fang the Gargoyle Berserker began the quest for the Orb.
     0 | D:1      | Reached XP level 1. HP: 14/14 MP: 1/1
   309 | D:1      | Reached XP level 2. HP: 16/19 MP: 2/2
   757 | D:2      | Reached XP level 3. HP: 23/23 MP: 3/3
   762 | D:2      | Reached ** piety under Trog
   762 | D:2      | Reached XP level 4. HP: 29/29 MP: 4/4
   873 | D:2      | Killed from afar by an orc wizard

Skill      XL: |  1  2 |
---------------+-------+-----
Dodging        | 2 |  2.2
Axes           | 3 |  3.5
Fighting       | |  3.9
Armour         | |  2.4

Action                   |  1- 3 |  4- 6 || total
-------------------------+-------+-------++-------
Melee: Hand axe          |    64 |    15 ||    79
Invok: Berserk           |     1 |       ||     1
  Eat: Chunk             |       |     1 ||     1
Armor: Animal skin       |    22 |     1 ||    23
Dodge: Dodged            |    52 |    12 ||    64
